 Dungeon Crawl Stone Soup version 0.28-a0-563-gf77a47075d (webtiles) character file.

Game seed: 560718111854142311

35 bearlyready the Chopper (level 3, 0/35 HPs)
             Began as a Gnoll Cinder Acolyte on Sept 30, 2021.
             Was a High Priest of Ignis.
             Slain by a worm (2 damage)
             ... on level 2 of the Dungeon.
             The game lasted 00:01:02 (1147 turns).

bearlyready the Chopper (Gnoll Cinder Acolyte)      Turns: 1147, Time: 00:01:03

Health: 0/35       AC:  2    Str: 14    XL:     3   Next: 35%
Magic:  7/7        EV: 11    Int: 13    God:    Ignis [*****.]
Gold:   33         SH:  0    Dex:  7    Spells: 7/7 levels left

rFire   + . .      SeeInvis .   a - -1 hand axe (flame)
rCold   . . .      Faith    .   (no shield)
rNeg    . . .      Spirit   .   b - +0 robe
rPois   .          Reflect  .   (no helmet)
rElec   .          Harm     .   (no cloak)
rCorr   .          Rampage  .   (no gloves)
Will    .....                   (no boots)
Stlth   +.........              (no amulet)
HPRegen 0.11/turn               (no ring)
MPRegen 0.10/turn               (no ring)

@: no status effects
A: fangs 1, strong nose, distributed training
a: Renounce Religion, Sea of Fire, Foxfire Swarm, Rising Flame


You were on level 2 of the Dungeon.
You worshipped Ignis.
Ignis was extremely pleased with you.
You visited 1 branch of the dungeon, and saw 2 of its levels.

You collected 33 gold pieces.

Inventory:

Hand Weapons
 a - a -1 hand axe of flaming (weapon)
Missiles
 c - 26 stones (quivered)
Armour
 b - a +0 robe (worn)
Scrolls
 d - a scroll of acquirement {unknown}


   Skills:
 + Level 6.5 Fighting
 + Level 0.7 Short Blades
 + Level 0.7 Long Blades
 + Level 6.5 Axes
 + Level 0.7 Maces & Flails
 + Level 0.7 Polearms
 + Level 0.7 Staves
 + Level 0.7 Slings
 + Level 0.7 Bows
 + Level 0.7 Crossbows
 + Level 0.7 Throwing
 + Level 0.7 Armour
 + Level 0.7 Dodging
 + Level 0.7 Stealth
 + Level 0.7 Shields
 + Level 0.7 Unarmed Combat
 + Level 2.8 Spellcasting
 + Level 0.5 Conjurations
 + Level 0.5 Hexes
 + Level 0.5 Summonings
 + Level 0.5 Necromancy
 + Level 0.5 Translocations
 + Level 0.5 Transmutations
 + Level 5.4 Fire Magic
 + Level 0.5 Ice Magic
 + Level 0.5 Air Magic
 + Level 0.5 Earth Magic
 + Level 0.5 Poison Magic
 + Level 0.9 Invocations
 + Level 0.7 Evocations


You had 7 spell levels left.
You didn't know any spells.
Your spell library contained the following spells:

 Spells                   Type           Power      Damage    Failure   Level
 Scorch                   Fire           30%        2d7       3%          2


Dungeon Overview and Level Annotations

Branches:
Dungeon (2/15)

Altars:


Innate Abilities, Weirdness & Mutations

You have very sharp teeth.
Your uncanny sense of smell can sniff out nearby items.
Your experience applies equally to all skills.


Message History

You hit the hobgoblin. You burn the hobgoblin.
You kill the hobgoblin!
You hit the bat but do no damage. The bat closely misses you. x2
You hit the endoplasm. You burn the endoplasm.
The endoplasm is severely wounded.
You hit the bat. You burn the bat. The bat hits you but does no damage. x2
The endoplasm freezes you.
You are frozen.
You hit the endoplasm. You burn the endoplasm.
You kill the endoplasm!
You closely miss the bat. The bat barely misses you.
The bat closely misses you. The quokka bites you.
You hit the quokka but do no damage. You hit the bat. You burn the bat.
You kill the bat!
The quokka bites you.
You closely miss the quokka. You hit the hobgoblin. You burn the hobgoblin.
The hobgoblin hits you.
* * * LOW HITPOINT WARNING * * *
The quokka bites you.
* * * LOW HITPOINT WARNING * * *
You hit the quokka. You burn the quokka.
You kill the quokka!
You closely miss the hobgoblin. The hobgoblin closely misses you.
It was a potion of curing.
You feel better. The hobgoblin completely misses you.
The kobold barely misses you.
You hit the hobgoblin. You burn the hobgoblin.
You kill the hobgoblin!
You closely miss the kobold. The kobold hits you but does no damage.
You hit the hobgoblin. You burn the hobgoblin.
The hobgoblin is heavily wounded.
You hit the kobold. You burn the kobold. The hobgoblin barely misses you.
The kobold hits you with a +0 whip.
* * * LOW HITPOINT WARNING * * *
You hit the hobgoblin. You burn the hobgoblin.
You kill the hobgoblin!
You barely miss the kobold. The kobold misses you. The worm bites you!
* * * LOW HITPOINT WARNING * * *
The worm bites you.
You die...

#...# #...# #...# #...# ###...#
### .....# .### .... #...#
....# .... #w@.# #.... #.l##
#K##### ### #....## ####...
#J###8###8###.###.. .....#.##
#†##...............
#....######l#8.............#.
.#....l.J....##.............#.
#.........K...##...##8#........
###...........##...####.......)
#...........#⌠...8# ##.......


You could see a worm, an endoplasm, a kobold and a frilled lizard.

Vanquished Creatures
  2 dart slugs
  4 ball pythons
  2 bats
  3 endoplasms
  3 goblins
  5 hobgoblins
  3 quokkas
  A frilled lizard (D:1)
  2 kobolds (D:1)
  2 rats (D:1)
27 creatures vanquished.

Vanquished Creatures (others)
  13 plants (D:1)
13 creatures vanquished.

Grand Total: 40 creatures vanquished

Notes
Turn   | Place    | Note
-------+----------+-------------------------------------------
     0 | D:1      | bearlyready the Gnoll Cinder Acolyte began the quest for
                  | the Orb.
     0 | D:1      | Reached XP level 1. HP: 23/23 MP: 4/4
   461 | D:1      | Reached XP level 2. HP: 20/29 MP: 5/5
  1112 | D:2      | Reached XP level 3. HP: 26/35 MP: 7/7
  1147 | D:2      | Slain by a worm

Illustrated notes

Levels and vault maps discovered:
D:1:      roderic_crop_circles_arrival_small, layout_loops_cross,
          minmay_pentomino_w2
D:2:      layout_rooms, shapermc_ecumenical_altar_hornbeckon,
          corexii_hall_statues_s

Action                   || total
-------------------------++-------
Melee: Hand axe          ||    88
       Bite              ||     3
  Use: Potion            ||     1
Armor: Robe              ||    14
Dodge: Dodged            ||    55

Table legend: (Time is in decaauts)
 A = Elapsed time spent in this place.
 B = Non-inter-level travel time spent in this place.
 C = Inter-level travel time spent in this place.
 D = Time resting spent in this place.
 E = Time spent auto-exploring this place.
 F = Levels seen in this place.
 G = Mean time per level.
                   A        B        C        D        E       F      G
               +--------+--------+--------+--------+--------+-----+--------+
         Total |   1144 |   1107 |     37 |      0 |    925 |   2 |  572.0 |
       Dungeon |   1144 |   1107 |     37 |      0 |    925 |   2 |  572.0 |
               +--------+--------+--------+--------+--------+-----+--------+

Top non-repeatable levels by time:
     D:1: 1034 daAuts
     D:2: 109 daAuts
